 Dungeon Crawl Stone Soup version 0.22-a0-402-ga933591 (webtiles) character file.

6 Mgcat the Ruffian (level 1, -1/18 HPs)
             Began as a Naga Transmuter on May 7, 2018.
             Slain by a kobold (3 damage)
             ... on level 1 of the Dungeon.
             The game lasted 00:00:52 (450 turns).

Mgcat the Ruffian (Naga Transmuter)                  Turns: 450, Time: 00:00:53

Health: -1/18      AC:  1    Str: 12    XL:     1   Next: 90%
Magic:  3/3        EV: 10    Int: 13    God:
Gold:   0          SH:  0    Dex: 11    Spells: 3/4 levels left

rFire    . . .     SeeInvis +     - Unarmed
rCold    . . .     Gourm    .   (no shield)
rNeg     . . .     Faith    .   b - +0 robe
rPois    +         Spirit   .   (no helmet)
rElec    .         Reflect  .   (no cloak)
rCorr    .         Harm     .   (no gloves)
MR       .....                  (no barding)
Stlth    +.........             (no amulet)
HPRegen  0.06/turn              (no ring)
MPRegen  0.08/turn              (no ring)

@: appendage (expiring), very slow
A: large, horns 2, see invisible, deformed body, poison resistance, slowness 2,
slow metabolism 1, spit poison 1, AC +0
a: Spit Poison, End Transformation


You were on level 1 of the Dungeon.
You were not hungry.
You had grown temporary horns.
You visited 1 branch of the dungeon, and saw 1 of its levels.

Inventory:

Missiles
 a - 12 arrows
Armour
 b - a +0 robe (worn)
Scrolls
 c - a scroll of remove curse {unknown}
Comestibles
 d - a ration


   Skills:
 + Level 1.2 Fighting
 - Level 1.5 Dodging
 + Level 3.1 Unarmed Combat
 + Level 2.1 Spellcasting
 + Level 2.1 Transmutations


You had 3 spell levels left.
You knew the following spells:

 Your Spells              Type           Power        Failure   Level  Hunger
a - Beastly Appendage     Tmut           #.....       11%         1    ##.....


Dungeon Overview and Level Annotations

Branches:
Dungeon (1/15)

Altars:


Innate Abilities, Weirdness & Mutations

You cannot wear boots.
Your serpentine skin is tough. (AC +0)
You have supernaturally acute eyesight. (SInv)
Armour fits poorly on your strangely shaped body.
Your system is resistant to poisons. (rPois)
You cover ground very slowly.
You have a slow metabolism.
You can spit poison.
You have a pair of horns on your head.


Message History

Press: ? - help, Shift-Dir - straight line, f - bat
Aim: a bat The splash of poison hits the bat.
The bat is poisoned.
You kill the bat!
You feel slightly more hungry. The hobgoblin hits you with a club.
You completely miss the hobgoblin.
The hobgoblin is lightly wounded.
The hobgoblin hits you but does no damage.
You hit the hobgoblin.
The hobgoblin is heavily wounded.
The hobgoblin hits you with a club.
* * * LOW HITPOINT WARNING * * *
You hit the hobgoblin.
You kill the hobgoblin!
You have got your breath back.
HP restored.
c - a scroll labeled HODDABBOILL A kobold comes into view.
It is wielding a short sword.
Press: ? - help, Shift-Dir - straight line, f - kobold
Aim: a kobold, wielding a short sword The splash of poison hits the kobold.
The kobold is moderately wounded.
You feel slightly more hungry.
The kobold is too close now for your liking.
You have got your breath back.
The kobold hits you with a short sword. The kobold closely misses you.
You barely miss the kobold.
The kobold is moderately wounded.
The kobold barely misses you.
You completely miss the kobold.
The kobold is moderately wounded.
The kobold misses you.
You hit the kobold but do no damage.
The kobold is moderately wounded.
The kobold hits you with a short sword.
You completely miss the kobold.
The kobold is moderately wounded.
You miss the kobold.
The kobold is moderately wounded.
The kobold barely misses you.
Press: ? - help, Shift-Dir - straight line, f/p - kobold
Aim: a kobold, wielding a short sword (moderately wounded)
The splash of poison misses the kobold.
You feel slightly more hungry. The kobold barely misses you.
You barely miss the kobold.
The kobold is moderately wounded.
The kobold hits you with a short sword.
You hit the kobold.
The kobold is severely wounded.
The kobold hits you with a short sword.
* * * LOW HITPOINT WARNING * * *
You hit the kobold.
You kill the kobold!
You have got your breath back.
A giant cockroach and 2 kobolds come into view.
The kobold shouts!
You hear an angry hiss.
The kobold shouts!
The kobold throws a stone.
The stone hits you.
The kobold moves out of view.
The kobold throws a stone.
The stone barely misses you.
A frilled lizard comes into view.
You see here 2 stones.
There are monsters nearby!
Casting: Beastly Appendage (safe; 11% risk of failure)
Confirm with . or Enter, or press ? or * to list all spells.
You grow a pair of large bovine horns.
The kobold hits you with a whip. The kobold closely misses you.
Press: ? - help, Shift-Dir - straight line, f - kobold
Aim: a kobold, wielding a whip The splash of poison hits the kobold.
The kobold is severely wounded.
You feel slightly more hungry. The kobold misses you.
A hobgoblin comes into view.
You closely miss the kobold.
You kill the kobold!
The kobold throws a stone.
The stone hits you but does no damage.
The hobgoblin moves out of view.
You closely miss the giant cockroach. The giant cockroach bites you.
You barely miss the giant cockroach. The giant cockroach closely misses you.
A ball python comes into view.
You completely miss the frilled lizard.
The ball python hisses angrily.
The frilled lizard barely misses you. The giant cockroach closely misses you.
You closely miss the frilled lizard.
Your headbutt misses the frilled lizard.
The giant cockroach bites you.
* * * LOW HITPOINT WARNING * * *
The frilled lizard barely misses you.
Your transformation is almost over.
You have got your breath back.
The giant cockroach barely misses you.
The kobold throws a stone.
The stone misses you.
The giant cockroach completely misses you.
You closely miss the giant cockroach.
Your headbutt misses the giant cockroach.
The giant cockroach closely misses you.
You hit the frilled lizard.
You kill the frilled lizard!
The giant cockroach bites you.
* * * LOW HITPOINT WARNING * * *
You barely miss the kobold. The kobold hits you.
You die...

⌠...⌠.# ###..#..)#...#
......# ##..#...#...#..
...#### #.#...#...#...#.
.#.# ##...#...#...#...#
##.#####..#...#...#...#..
............#...#...#...#.
..........#.(.#...#...#...
............#...#†..#...#
..).......#...#.@s#...#
............#...#Kg.#...#
..........#...#...#)..#..
............#...#...#...#
##.#####..#...#...#.S #...
.#...#...#. #. ..#...#...#
.....#...#.. .. .. .. #.


You could see a giant cockroach, a hobgoblin and a kobold.

Vanquished Creatures
  2 hobgoblins (D:1)
  A bat (D:1)
  A frilled lizard (D:1)
  3 kobolds (D:1)
7 creatures vanquished.

Notes
Turn   | Place    | Note
-------+----------+-------------------------------------------
     0 | D:1      | Mgcat the Naga Transmuter began the quest for the Orb.
     0 | D:1      | Reached XP level 1. HP: 18/18 MP: 3/3
    31 | D:1      | HP: 3/18 [hobgoblin/club (6)]
   224 | D:1      | HP: 1/18 [kobold/short sword (6)]
   445 | D:1      | HP: 4/18 [giant cockroach (2)]
   450 | D:1      | Slain by a kobold

Vault maps used:
D:1:      scummos_arrival_simple_fountains, hex_large

Action                   || total
-------------------------++-------
Melee: Unarmed           ||    20
       Headbutt          ||     1
 Cast: Beastly Appendage ||     1
 Abil: Spit Poison       ||     6
Armor: Robe              ||     1
Dodge: Dodged            ||    18

Table legend:
 A = Spawn XP
 B = Non-spawn XP
 C = Spawn XP percentage of total XP
 D = Spawn monster count
 E = Non-spawn monster count
 F = Spawn count percentage of total count
 G = Total turns spent on level
                    A         B        C        D         E        F      G
               +---------+---------+-------+---------+---------+-------+---------
         Total |       0 |       9 |   0.0 |       0 |       7 |   0.0 |   450
               +---------+---------+-------+---------+---------+-------+---------
           D:1 |       0 |       9 |   0.0 |       0 |       7 |   0.0 |   450
               +---------+---------+-------+---------+---------+-------+---------

Vault maps used:
D:1:      scummos_arrival_simple_fountains, hex_large

Table legend:
 A = Turns spent in this place as a percentage of turns spent in the entire game.
 B = Non-inter-level travel turns spent in this place as a percentage of non-inter-level travel turns spent in the entire game.
 C = Inter-level travel turns spent in this place as a percentage of turns spent in this place.
 D = Turns resting spent in this place as a percentage of non-inter-level travel turns spent in this place.
 E = Turns spent auto-exploring this place as a percentage of non-inter-level travel turns spent in this place.
 F = Non-inter-level travel turns spent in this place divided by the number of levels of this place that you've seen.
                   A       B       C       D       E      F
               +-------+-------+-------+-------+-------+----------------------
         Total | 100.0 | 100.0 |   0.0 |   0.0 |  91.3 | 450.0
       Dungeon | 100.0 | 100.0 |   0.0 |   0.0 |  91.3 | 450.0
               +-------+-------+-------+-------+-------+----------------------

Table legend:
 A = Kills in this place as a percentage of kills in entire the game.
 B = Kills by you in this place as a percentage of kills by you in the entire game.
 C = Kills by friends in this place as a percentage of kills by friends in the entire game.
 D = Other kills in this place as a percentage of other kills in the entire game.
 E = Experience gained in this place as a percentage of experience gained in the entire game.
 F = Experience gained in this place divided by the number of levels of this place that you have seen.
                   A       B       C       D       E      F
               +-------+-------+-------+-------+-------+----------------------
         Total | 100.0 | 100.0 |   N/A |   N/A | 100.0 |   9.0
       Dungeon | 100.0 | 100.0 |   N/A |   N/A | 100.0 |   9.0
               +-------+-------+-------+-------+-------+----------------------
